 Dungeon Crawl Stone Soup version 0.21-a0-78-g82a99e0 (webtiles) character file.

111 KristoblXynda the Chopper (level 4, -1/37 HPs)
             Began as a Hill Orc Skald on June 21, 2017.
             Slain by a gnoll
             ... wielding a +0 club
              (6 damage)
             ... on level 2 of the Dungeon.
             The game lasted 00:04:10 (2766 turns).

KristoblXynda the Chopper (Hill Orc Skald)          Turns: 2766, Time: 00:04:11

Health: -1/37      AC:  8    Str: 13    XL:     4   Next: 92%
Magic:  6/6        EV:  9    Int: 14    God:
Gold:   133        SH:  0    Dex: 10    Spells: 5/6 levels left

rFire    . . .     SeeInvis .   a - +0 hand axe
rCold    . . .     Gourm    .   (no shield)
rNeg     . . .     Faith    .   f - +0 scale mail
rPois    .         Spirit   .   (no helmet)
rElec    .         Reflect  .   (no cloak)
rCorr    .         Harm     .   h - +0 pair of gloves
MR       .....                  (no boots)
Stlth    ..........             (no amulet)
HPRegen  0.12/turn              (no ring)
MPRegen  0.10/turn              (no ring)

@: no status effects
A: no striking features
a: no special abilities


You were on level 2 of the Dungeon.
You were not hungry.

You visited 1 branch of the dungeon, and saw 2 of its levels.

You collected 133 gold pieces.

Inventory:

Hand Weapons
 a - a +0 hand axe (weapon)
 p - a +1 whip of venom
Armour
 f - a +0 scale mail (worn)
 h - a +0 pair of gloves (worn)
Scrolls
 b - a scroll of magic mapping {unknown}
 g - 7 scrolls of identify {unknown}
 k - a scroll of enchant weapon {unknown}
 l - 2 scrolls of recharging {unknown}
 m - a scroll of amnesia {unknown}
 n - a scroll of noise {unknown}
 o - a scroll of teleportation {unknown}
 r - a scroll of blinking {unknown}
 s - a scroll of random uselessness {unknown}
Potions
 e - a potion of cancellation {unknown}
 i - a potion of curing {unknown}
 q - a potion of brilliance {unknown}
Books
 c - a book of Battle

   Spells                             Type                      Level
   a - Infusion                       Charms                       1
   b - Shroud of Golubria             Charms/Translocation         2
   c - Song of Slaying                Charms                       2
   d - Spectral Weapon                Hexes/Charms                 3
   e - Regeneration                   Charms/Necromancy            3
Comestibles
 d - 2 bread rations
 t - a meat ration


   Skills:
 - Level 2.4 Fighting
 + Level 4.3 Axes
 + Level 3.7 Armour
 - Level 2.0 Dodging
 - Level 1.5 Spellcasting
 - Level 2.6 Charms


You had 5 spell levels left.
You knew the following spells:

 Your Spells              Type           Power        Failure   Level  Hunger
a - Infusion              Chrm           #...         34%         1    ##.....


Dungeon Overview and Level Annotations

Branches:
Dungeon (2/15)

Altars:
Ashenzari


Message History

The gnoll is moderately wounded.
You closely miss the gnoll.
The gnoll hits you but does no damage. x3
You hit the gnoll but do no damage.
The gnoll is moderately wounded.
You closely miss the gnoll. The gnoll barely misses you.
The gnoll hits you but does no damage. The gnoll closely misses you.
You completely miss the gnoll.
The gnoll is moderately wounded.
You hit the gnoll. The gnoll closely misses you.
The gnoll hits you but does no damage.
The gnoll hits you from afar with a spear.
* * * LOW HITPOINT WARNING * * *
You hit the gnoll.
The gnoll is severely wounded.
You hit the gnoll but do no damage. The gnoll hits you with a spear.
* * * LOW HITPOINT WARNING * * *
The gnoll hits you from afar with a spear.
* * * LOW HITPOINT WARNING * * *
The gnoll hits you with a club.
You die...

#......# #.# #.######
##.## #.# ##...##
####.##########.....##
#..............#.>..<###
#.##.##.###.............
#.##........###....#.###
#.#####.###.#%#...##.#
#.#####@# #.###......#
#.....gg###.....#.####
########g.......##.#
#........#####.###.##
#.######.# #.##...####
#.###.##.#####.........#
#.##.................#.#
#.....<#.#####.#.....#.##
#..†.....# #.##........


You could see 3 gnolls.

Vanquished Creatures
  A gnoll (D:2)
  4 adders (D:2)
  5 worms (D:2)
  2 dart slugs
  2 leopard geckos
  A ball python (D:1)
  4 bats
  4 goblins
  5 hobgoblins
  4 jackals (D:1)
  A quokka (D:2)
  5 frilled lizards
  2 kobolds (D:1)
  9 rats
49 creatures vanquished.

Notes
Turn   | Place    | Note
-------+----------+-------------------------------------------
     0 | D:1      | KristoblXynda the Hill Orc Skald began the quest for the Orb.
     0 | D:1      | Reached XP level 1. HP: 18/18 MP: 3/3
   184 | D:1      | Found a shattered altar of Ashenzari.
   249 | D:1      | Reached XP level 2. HP: 23/25 MP: 4/4
   273 | D:1      | Reached skill level 3 in Axes
   773 | D:1      | Reached XP level 3. HP: 24/30 MP: 5/5
  1519 | D:2      | Reached skill level 4 in Axes
  1519 | D:2      | Reached XP level 4. HP: 23/37 MP: 6/6
  2766 | D:2      | Slain by a gnoll

Vault maps used:
D:1:      dpeg_arrival_three_same_balls, nicolae_ashenzari_panopticon
D:2:      serial_glass, glass_columns_c, glass_columns_b, feat_on_display,
          minmay_strange_pillars, item_on_display_b, minmay_tall_x

Skill      XL: |  1  2  3  4 |
---------------+-------------+-----
Axes           | 3 4 |  4.3
Dodging        | 2 |  2.0
Armour         | 2 3 |  3.7
Fighting       | |  2.4
Spellcasting   | |  1.5
Charms         | |  2.6

Action                   |  1- 3 |  4- 6 || total
-------------------------+-------+-------++-------
Melee: Hand axe          |   127 |    90 ||   217
       Whip              |    22 |     3 ||    25
  Eat: Chunk             |     1 |     1 ||     2
       Royal jelly       |     1 |       ||     1
       Bread ration      |       |     1 ||     1
Armor: Ring mail         |    55 |     7 ||    62
       Leather armour    |     6 |       ||     6
       Scale mail        |       |    44 ||    44
Dodge: Dodged            |    77 |    54 ||   131
